 Dungeon Crawl Stone Soup version 0.17.0-28-g6e173f8 (webtiles) character file.

2481 gorblad the Protected (level 9, -2/70 HPs)
             Began as a Centaur Fighter on Dec 3, 2015.
             Was an Initiate of Dithmenos.
             Slain by an iguana (8 damage)
             ... on level 6 of the Dungeon.
             The game lasted 00:22:34 (8808 turns).

gorblad the Protected (Centaur Fighter)             Turns: 8808, Time: 00:22:34

Health: -2/70      AC:  8    Str: 23    XL:     9   Next: 27%
Magic:  9/9        EV:  5    Int:  7    God:    Dithmenos [......]
Gold:   345        SH:  8    Dex: 11    Spells: 0 memorised, 8 levels left

rFire  . . .     SeeInvis .     o - +2 flail (venom)
rCold  . . .     Clarity  .     v - +0 scale mail (curse)
rNeg   . . .     SustAt   .     c - +0 shield
rPois  .         Gourm    .     (no helmet)
rElec  .         Spirit   .     (no cloak)
rCorr  .         Warding  .     (no gloves)
rMut   .         Stasis   .     (no barding)
MR     .....                    h - amulet of inaccuracy (curse)
Stlth  ..........               f - ring of stealth
                                j - +3 ring of strength

@: drained, very quick, not resistant to hostile enchantments, extremely
unstealthy
A: hooves 3, deformed body, speed 2, tough skin 3
a: Renounce Religion


You were on level 6 of the Dungeon.
You worshipped Dithmenos.
Dithmenos was noncommittal.
You were not hungry.

You visited 2 branches of the dungeon, and saw 7 of its levels.
You also visited: Sewer.

You collected 345 gold pieces.

Inventory:

Hand Weapons
 a - a +0 war axe
 o - a +2 flail of venom (weapon)
 r - a cursed -3 hand axe
 A - a +1 glaive of chopping
 C - a -2 eveningstar
Armour
 b - a +0 scale mail
 c - a +0 shield (worn)
 t - a +0 leather armour of fire resistance
 v - a cursed +0 scale mail (worn)
Jewellery
 f - a ring of stealth (right hand)
 h - a cursed amulet of inaccuracy (around neck)
 j - a +3 ring of strength (left hand)
 n - an uncursed amulet of resist corrosion
 s - an uncursed amulet of rage
 w - an uncursed amulet of clarity
Wands
 y - a wand of fire (3)
 G - a wand of teleportation (4)
Scrolls
 g - 5 scrolls of teleportation
 u - 3 scrolls of fog
 D - a scroll of magic mapping
 H - a scroll of fear
 I - a scroll of identify
Potions
 d - 3 potions of might
 l - a potion of cancellation {unknown}
 m - 2 potions of flight {unknown}
 q - 3 potions of heal wounds {unknown}
 z - 2 potions of resistance {unknown}
 E - a potion of agility {unknown}
 F - a potion of magic {unknown}
Comestibles
 e - 5 bread rations
 i - 5 fruits
 p - a slice of pizza
 x - a beef jerky
 B - a meat ration
 J - 5 chunks of flesh


   Skills:
 - Level 3.3(2.8) Fighting
 - Level 3.0(3.9) Axes
 - Level 5.0(4.9) Maces & Flails
 + Level 8.6(8.0) Armour
 - Level 2.1(1.7) Shields


You had 8 spell levels left.
You didn't know any spells.

Dungeon Overview and Level Annotations

Branches:
Dungeon (6/15)             Temple (1/1) D:6

Altars:
Ashenzari
Cheibriados
Dithmenos
Elyvilon
Fedhas
Gozag
Kikubaaqudgha
Makhleb
Nemelex Xobeh
Okawaru
Ru
Sif Muna
Trog
Vehumet
Xom
Yredelemnul
Zin
The Shining One

Annotations:
D:6 Pikel


Innate Abilities, Weirdness & Mutations

You have hooves in place of feet.
Armour fits poorly on your strangely shaped body.
You cover ground very quickly.
You have extremely tough skin (AC +3).


Message History

Your shield and scale mail prevent you from hitting the iguana.
You kick the iguana, but do no damage.
The iguana is heavily wounded.
The iguana completely misses you.
You hit the iguana but do no damage.
The iguana looks even sicker.
Your kick misses the iguana.
The iguana is heavily wounded.
The iguana bites you.
* * * LOW HITPOINT WARNING * * *
The iguana bites you but does no damage.
Your shield and scale mail prevent you from hitting the iguana.
Your kick misses the iguana.
The iguana is heavily wounded.
The iguana bites you!
* * * LOW HITPOINT WARNING * * *
You hit the iguana but do no damage.
The iguana looks even sicker.
You kick the iguana, but do no damage.
The iguana is severely wounded.
The iguana bites you!
You die...

#...............
#..#####..#####(.
#......#..#...... #
#......#..#......##
#####..#..#.s#####.
#...)..#..#..... #.
#......#..# .....#.
#.)#####..#####..#.
#.@†...#÷.#Z..$..#.
#..l...#..#......##
#####..#..#.?#####.
......#..#..... #.
..h...#.(#......#.
..#####..#####..#.
#.(#hh....#.
#.(#Kp....#.
#..#p.#####.


You could see an iguana.

Vanquished Creatures
  Sigmund (D:3)
  Eustachio (D:4)
  2 ogres
  2 ice beasts
  3 centaurs (D:6)
  The ghost of Aarh the Skirmisher, an amateur HaAK of Lugonu (Sewer)
  A phantom (D:6)
  4 giant frogs (D:6)
  Blork the orc (D:5)
  A gnoll sergeant (D:3)
  5 scorpions (D:5)
  2 wights (D:6)
  2 crimson imps
  A giant frog zombie (D:5)
  The ghost of gorblad the Magician, a weakling DEWz (D:3)
  4 orc wizards
  3 hounds (D:6)
  Natasha (thrice) (D:3)
  An iguana (D:4)
  4 worker ants
  3 gnolls
  A river rat (D:6)
  10 adders
  A shadow imp (D:5)
  2 oozes
  2 worms
  15 orcs
  9 bats
  7 giant cockroaches
  3 goblins
  4 hobgoblins
  7 jackals
  3 quokkas
  7 ball pythons
  4 giant geckos
  9 giant newts
  16 kobolds
  2 quokka zombies
  9 rats
  A fungus (D:5)
  7 plants
165 creatures vanquished.

Vanquished Creatures (others)
  An ogre (D:6)
  An orc (D:6)
  4 fungi (D:5)
6 creatures vanquished.

Grand Total: 171 creatures vanquished

Notes
Turn   | Place    | Note
--------------------------------------------------------------
     0 | D:1      | gorblad the Centaur Fighter began the quest for the Orb.
     0 | D:1      | Reached XP level 1. HP: 19/19 MP: 1/1
   111 | D:1      | Reached XP level 2. HP: 15/26 MP: 2/2
   830 | D:2      | Found a faded altar to an unknown god.
  1319 | D:2      | Reached XP level 3. HP: 21/31 MP: 3/3
  1443 | D:3      | Noticed Natasha
  1451 | D:3      | Killed Natasha
  1451 | D:3      | Reached skill level 1 in Maces & Flails
  1690 | D:3      | Noticed gorblad's ghost (weakling DEWz)
  1701 | D:3      | Killed gorblad's ghost
  1701 | D:3      | Reached XP level 4. HP: 26/38 MP: 4/4
  1817 | D:3      | Found a basalt altar of Yredelemnul.
  1902 | D:3      | Noticed Sigmund
  1921 | D:3      | Killed Sigmund
  1921 | D:3      | Reached skill level 4 in Maces & Flails
  1921 | D:3      | Reached XP level 5. HP: 28/45 MP: 5/5
  1945 | D:3      | Reached XP level 6. HP: 23/51 MP: 6/6
  2376 | D:3      | Noticed Natasha
  2384 | D:3      | Killed Natasha
  2423 | D:3      | Found a glowing golden altar of the Shining One.
  2424 | D:3      | Found a deep blue altar of Sif Muna.
  2691 | D:3      | Noticed Natasha
  2694 | D:3      | Killed Natasha
  2789 | D:3      | Reached skill level 5 in Maces & Flails
  3609 | D:4      | Found a sparkling altar of Nemelex Xobeh.
  3893 | D:4      | Reached XP level 7. HP: 57/57 MP: 7/7
  3921 | D:4      | Noticed Eustachio
  3952 | D:4      | Killed Eustachio
  4335 | D:5      | Entered Level 5 of the Dungeon
  4848 | D:5      | Noticed Blork the orc
  4853 | D:5      | Killed Blork the orc
  4853 | D:5      | Reached skill level 5 in Armour
  4870 | D:5      | Reached XP level 8. HP: 33/63 MP: 8/8
  5237 | D:5      | Found an iron altar of Okawaru.
  5348 | D:5      | Reached skill level 6 in Armour
  6291 | D:6      | Found a glowing drain.
  6314 | Sewer    | Entered a sewer
  6595 | Sewer    | Reached skill level 7 in Armour
  6737 | Sewer    | Noticed Aarh's ghost (amateur HaAK)
  6763 | Sewer    | Killed Aarh's ghost
  7497 | D:6      | Found a shimmering altar of Xom.
  7600 | D:6      | Noticed Pikel
  7707 | D:6      | Reached XP level 9. HP: 41/70 MP: 9/9
  7947 | D:6      | Reached skill level 8 in Armour
  7987 | D:6      | Found a staircase to the Ecumenical Temple.
  8000 | Temple   | Entered the Ecumenical Temple
  8105 | Temple   | Became a worshipper of Dithmenos the Shadowed
  8808 | D:6      | Slain by an iguana

Action                   |  1- 3 |  4- 6 |  7- 9 || total
-------------------------+-------+-------+-------++-------
Melee: War axe           |    64 |       |       ||    64
       Flail             |    28 |   140 |   370 ||   538
       Eveningstar       |       |       |   208 ||   208
  Use: Scroll            |     4 |     4 |     3 ||    11
       Potion            |       |       |     3 ||     3
  Eat: Chunk             |     2 |     6 |    13 ||    21
       Fruit             |       |       |     2 ||     2
